Map: Proxima Station LE

Players

Guru - Winner!

  • Race: Zerg Zerg
  • Spawn Location: 7:00

Namshar

  • Race: Zerg Zerg
  • Spawn Location: 1:00

Event: IEM XI Katowice - World Championship 2017

VOD

Have the link to the VOD?

Description

Time

  • Played on: Feb. 28, 2017, 12:06 p.m.
  • Length: 8:52

All games in this series

Show
View Real Time Build Order
Export as new Build Order

Guru Zerg - Winner!

Build Orders: Pool First 

Get SALT Encoding   

  12  0:01  Drone  
  13  0:08  Drone  
  14  0:14  Extractor  
  14  0:17  Drone  
  14  0:32  Spawning Pool  
  13  0:35  Drone  
  14  0:45  Overlord  
  14  0:56  Extractor  
  13  0:57  Drone  
  15  1:04  Drone  
  16  1:18  Queen  
  16  1:19  Metabolic Boost  
  16  1:22  Zergling x2  
  19  1:26  Zergling x2  
  19  1:29  Zergling x2  
  21  1:49  Hatchery  
  21  1:53  Zergling x2  
  21  1:59  Overlord  
  21  2:07  Zergling x2  
  22  2:19  Zergling x4  
  24  2:27  Zergling x4  
  24  2:28  Zergling x2  
  27  2:42  Queen  
  29  2:47  Overlord  
  29  2:54  Drone  
  29  2:56  Overlord  
  30  3:02  Drone x2  
  32  3:09  Drone x2  
  32  3:10  Drone  
  35  3:13  Drone  
  35  3:26  Drone  
  35  3:27  Drone  
  34  3:33  Drone  
  30  3:35  Queen x2  
  30  3:40  Drone  
  35  3:41  Zergling x2  
  35  3:44  Zergling x2  
  35  3:47  Zergling x2  
  38  3:51  Zergling x4  
  40  3:56  Zergling x2  
  41  4:04  Zergling x4  
  41  4:05  Zergling x4  
  41  4:06  Zergling x2  
  41  4:08  Zergling x2  
  47  4:13  Zergling x4  
  47  4:14  Overlord  
  49  4:17  Overlord  
  47  4:25  Zergling x2  
  47  4:27  Zergling x2  
  47  4:36  Zergling x6  
  47  4:37  Drone x2  
  50  4:40  Drone  
  50  4:41  Drone  
  50  4:43  Drone  
  51  4:48  Drone  
  51  5:01  Drone  
  51  5:04  Drone  
  51  5:05  Drone x3  
  51  5:06  Drone x2  
  51  5:07  Drone x2  
  59  5:10  Roach Warren, Extractor  
  59  5:11  Extractor  
  56  5:17  Drone  
  56  5:18  Drone  
  56  5:23  Drone  
  56  5:25  Drone  
  52  5:37  Overlord  
  52  5:38  Evolution Chamber  
  50  5:43  Zergling x10  
  50  5:44  Zergling x2  
  50  5:48  Overlord  
  55  5:53  Lair  
  55  5:54  Hatchery  
  54  5:57  Drone  
  54  5:58  Extractor  
  54  6:02  Drone  
  55  6:05  Zerg Missile Weapons Level 1  
  55  6:06  Drone x3  
  55  6:07  Drone x3  
  60  6:14  Roach  
  64  6:18  Roach  
  58  6:26  Drone  
  58  6:33  Roach x4  
  64  6:45  Drone  
  64  6:46  Roach x3  
  70  6:48  Roach  
  70  6:53  Roach  
  74  6:57  Glial Reconstitution  
  76  7:01  Roach x3  
  76  7:03  Roach x2  
  76  7:05  Overseer  
  76  7:07  Roach x3  
  90  7:12  Overlord x2  
  90  7:15  Overlord  
  90  7:21  Overlord  
  90  7:27  Overlord  
  90  7:31  Roach x4  
  90  7:33  Roach  
  90  7:35  Roach  
  102  7:39  Roach  
  102  7:40  Roach  
  102  7:42  Roach  
  108  7:45  Roach  
  108  7:47  Roach  
  112  7:55  Ravager  
  112  7:56  Ravager x3  
  116  8:00  Roach x2  
  116  8:02  Zergling x2  
  116  8:03  Zergling x10  
  124  8:17  Roach  
  124  8:18  Roach  
  120  8:22  Roach x4  
  120  8:24  Ravager  
  127  8:33  Overlord  
  117  8:34  Overlord  
Show
View Real Time Build Order
Export as new Build Order

Namshar Zerg 

Build Orders: Hatch First 

Get SALT Encoding   

  12  0:00  Drone  
  13  0:12  Overlord  
  13  0:17  Drone  
  14  0:30  Drone x2  
  14  0:34  Drone  
  17  0:51  Hatchery  
  17  0:54  Drone  
  17  0:58  Drone  
  18  1:09  Extractor  
  17  1:13  Spawning Pool  
  17  1:15  Drone  
  17  1:18  Drone  
  18  1:28  Drone  
  19  1:38  Overlord  
  19  1:49  Drone  
  20  1:59  Queen  
  20  2:00  Zergling x2  
  23  2:03  Queen, Drone  
  23  2:08  Metabolic Boost  
  26  2:10  Drone  
  26  2:14  Drone  
  28  2:21  Drone  
  29  2:25  Drone  
  30  2:32  Drone  
  31  2:37  Hatchery  
  31  2:42  Spine Crawler, Zergling x2  
  31  2:46  Zergling x4  
  31  2:47  Baneling Nest  
  32  2:54  Zergling x2  
  33  2:59  Zergling x2  
  34  3:07  Overlord  
  34  3:08  Zergling x2  
  34  3:09  Zergling x2  
  35  3:22  Zergling x6  
  33  3:31  Zergling x6  
  26  3:39  Queen  
  28  3:45  Queen  
  30  3:53  Drone x2  
  32  3:58  Drone  
  33  4:03  Baneling x2  
  33  4:08  Drone x2  
  34  4:25  Zergling x2  
  34  4:26  Baneling  
  34  4:27  Baneling  
  34  4:32  Drone  
  34  4:41  Zergling x4  
  34  4:46  Zergling x2  
  34  4:51  Drone x2  
  34  4:52  Drone x2  
  37  5:00  Baneling x2  
  37  5:04  Zergling x2, Hatchery, Baneling x2  
  37  5:07  Drone  
  37  5:08  Drone x2  
  37  5:13  Overlord  
  39  5:23  Hatchery  
  37  5:33  Zergling x6  
  37  5:34  Zergling x4  
  42  5:40  Baneling  
  42  5:41  Queen  
  42  5:42  Hatchery  
  42  5:56  Drone x5  
  47  5:58  Evolution Chamber  
  47  6:01  Queen  
  48  6:04  Overlord  
  48  6:06  Drone  
  48  6:08  Roach Warren  
  48  6:10  Baneling x2  
  48  6:22  Zergling x2  
  48  6:23  Zergling x4  
  50  6:27  Zerg Missile Weapons Level 1, Overlord  
  50  6:39  Drone  
  51  6:40  Drone x3  
  52  6:51  Extractor  
  52  6:52  Overlord, Extractor  
  50  6:54  Drone  
  50  6:55  Drone x5  
  56  7:05  Extractor  
  56  7:08  Lair  
  54  7:15  Drone x3  
  56  7:19  Drone x2  
  59  7:23  Unknown  
  59  7:30  Roach  
  59  7:31  Roach x9  
  79  7:37  Overlord x2  
  79  7:39  Overlord  
  79  7:48  Overlord  
  79  7:49  Overlord  
  79  7:55  Ravager x3  
  79  7:57  Roach x4  
  90  8:03  Overlord, Ravager  
  90  8:04  Overlord  
  90  8:05  Roach  
  85  8:20  Roach x6  
  97  8:31  Roach x6  

Tags
 
Add a new tag
Caveats
  • Supply blocks, unpowered buildings, or Contaminate may cause inaccurate times.
  • Supply counts are checked every 10 seconds.